Construct Light Support Kompanie
Selects Panzerjäger Kommand Battlegroup
Selects GrB 39 Grenade Launcher Requisition
le.IG 18 Mechanized Group
Pak 38 Anti-tank Gun Team
Construct Mechanized Kompanie
Selects Defensive Positions
le.IG 18 Mechanized Group
Marder III Tank Destroyer
Selects Butterfly Bomb Drop
18-tonne Recovery Half-track
Pak 38 Anti-tank Gun Team
Selects Crew Shock Tactics
Selects Anti-tank Overwatch